 Dungeon Crawl Stone Soup version 0.31-a0-246-g8cbcc1cb85 (webtiles) character file.

Game seed: 16676082490250716696

2451 qw the Skirmisher (level 9, -1/79 HPs)
             Began as a Minotaur Hexslinger on July 12, 2023.
             Slain by a vampire (6 damage)
             ... on level 7 of the Dungeon.
             The game lasted 00:02:42 (4999 turns).

qw the Skirmisher (Minotaur Hexslinger)             Turns: 4999, Time: 00:02:43

Health: -1/79      AC:  6    Str: 14    XL:     9   Next: 25%
Magic:  9/9        EV: 13    Int: 10    God:
Gold:   310        SH:  0    Dex: 19    Spells: 9/10 levels left

rFire   + . .        j - +1 sling "Okaskiy" {drain, rF+ Dex+3}
rCold   . . .        (no shield)
rNeg    . . .        c - +0 ring mail
rPois   .            (helmet restricted)
rElec   .            (no cloak)
rCorr   .            (no gloves)
SInv    .            i - +0 pair of boots
Will    .....        d - amulet of regeneration
Stlth   +            (no ring)
HPRegen 1.13/turn    (no ring)
MPRegen 0.11/turn

%: no passive effects
@: no status effects
A: horns 2, retaliatory headbutt, iridescent scales 1, deformed body
a: no special abilities


You were on level 7 of the Dungeon.
You visited 2 branches of the dungeon, and saw 8 of its levels.
You also visited: Ossuary.

You collected 310 gold pieces.


Innate Abilities, Weirdness & Mutations

You have a pair of horns on your head.
You reflexively headbutt those who attack you in melee.
You are partially covered in iridescent scales. (AC +2)
Armour fits poorly on your strangely shaped body.


   Skills:
 - Level 7.0 Fighting
 - Level 11.2 Ranged Weapons
 + Level 2.3 Armour
 - Level 4.6 Dodging
 - Level 1.0 Spellcasting
 - Level 2.0 Hexes


You had 9 spell levels left.
You knew the following spells:

 Your Spells              Type           Power      Damage    Failure   Level
a - Slow                  Hex            16%        N/A       30%         1

Your spell library contained the following spells:

 Spells                   Type           Power      Damage    Failure   Level
 Inner Flame              Hex/Fire       2%         N/A       80%         3
 Portal Projectile        Hex/Tloc       4%         N/A       80%         3
 Cause Fear               Hex            2%         N/A       96%         4

Inventory:

Hand Weapons
 j - the +1 sling "Okaskiy" (weapon) {drain, rF+ Dex+3}
   (You found it on level 2 of the Dungeon)

   Dex:       It affects your dexterity (+3).
   rF:        It protects you from fire.
 t - a +2 shortbow of draining
Armour
 b - a +0 pair of gloves
 c - a +0 ring mail (worn)
 i - a +0 pair of boots (worn)
Jewellery
 d - an amulet of regeneration (around neck)
 g - a ring of ice
Scrolls
 a - a scroll of teleportation
 e - 2 scrolls of identify
Potions
 f - a potion of enlightenment
 k - a potion of haste
 l - 2 potions of mutation
 m - a potion of heal wounds
 o - a potion of might
 p - a potion of lignification {unknown}
 q - 2 potions of degeneration {unknown}
 u - a potion of cancellation {unknown}

Dungeon Overview and Level Annotations

Branches:
Dungeon (7/15)             Temple (1/1) D:4         Ossuary (visited)

Altars:
Ashenzari
Cheibriados
Elyvilon
Fedhas
Gozag
Hepliaklqana
Makhleb
Nemelex Xobeh
Qazlal
Ru
Sif Muna
Uskayaw
Vehumet
Wu Jian
Xom
Zin
The Shining One

Portals:
Sewer: D:3


Message History

You headbutt the vampire! The vampire closely misses you.
You shoot a sling bullet. The sling bullet hits the vampire.
The vampire is heavily damaged.
The vampire barely misses you. x2
You shoot a sling bullet. The sling bullet hits the vampire.
The vampire is heavily damaged.
You shoot a sling bullet.
The sling bullet hits the vampire but does no damage.
The vampire is heavily damaged.
The vampire mumbles some strange words.
The vampire flickers and vanishes!
Deactivating autopickup; reactivate with Ctrl-A.
You hear an angry hiss.
You shoot a sling bullet. Something hits you but does no damage.
Something bites you!
Something draws strength from your injuries!
You shoot a sling bullet. Something draws life force from you!
You shoot a sling bullet. Something hits you! Something bites you.
Something draws strength from your injuries!
You shoot a sling bullet. Something barely misses you.
Something completely misses you.
You shoot a sling bullet. Something hits you! Something bites you.
Something draws strength from your injuries!
You shoot a sling bullet. Something barely misses you. Something bites you.
Something draws strength from your injuries!
You shoot a sling bullet. Something hits you! Something completely misses you.
You shoot a sling bullet. Something hits you. Something bites you.
Something draws strength from your injuries!
You shoot a sling bullet. Something hits you. Something bites you.
Something draws strength from your injuries!
You shoot a sling bullet. Something hits you.
You die...

###''####..........#)##)...#
~~¤..¤¤~##..#..#...#.).....#
¤~~..~¤~~##....###.).#.##+##
~~~..¤~¤¤¤##...#########
~~~..~~¤¤~~##.....#
~~~.^¤~¤¤~¤~##...##
¤¤~..~~¤¤~~~~#....#
~~¤¤.¤~¤~¤~~¤#<.{.######
~~~~¤~#.#@.......
..¤...)....##....
...¤..).##.# . .
~¤~¤¤~#.)#.# ¤~~¤¤ #).#.#
~~¤¤ #)...# ~~¤ #.#### ¤~
#.# ~ #.##


There were no monsters in sight!

Vanquished Creatures
  An ugly thing (D:7)
  2 orc warriors (D:7)
  An ogre (D:6)
  A black bear (D:4)
  A phantom (D:5)
  2 kobold brigands (D:7)
  2 scorpions (D:5)
  An elf zombie (Ossuary)
  A gnoll sergeant (D:7)
  2 bullfrogs (D:5)
  A lava snake (D:7)
  2 jellies
  3 orc priests (D:7)
  4 hounds
  A gnoll bouda (D:6)
  An iguana (D:5)
  A sleepcap (D:6)
  Ijyb (D:4)
  8 orc wizards
  2 hound zombies (Ossuary)
  4 mummies (Ossuary)
  15 gnolls
  13 adders
  A white imp (D:6)
  An ufetubus (D:6)
  2 worms
  4 dart slugs
  18 orcs
  7 bats
  14 endoplasms
  4 giant cockroaches
  11 hobgoblins
  3 jackals (D:3)
  19 kobolds
  3 quokkas
  7 ball pythons
  2 frilled lizards
  4 gnoll zombies (Ossuary)
  3 goblins
  A goblin zombie (Ossuary)
  A jackal zombie (Ossuary)
  An orc zombie (Ossuary)
  6 rats
  2 rat zombies (Ossuary)
184 creatures vanquished.

Notes
Turn   | Place    | Note
-------+----------+-------------------------------------------
     0 | D:1      | qw the Minotaur Hexslinger began the quest for the Orb.
     0 | D:1      | Reached XP level 1. HP: 16/16 MP: 1/1
     0 | D:1      | 0 ||| qw: Version: 0.3-a-52-g30416fa
     0 | D:1      | 0 ||| qw: Game counter: 6499
     0 | D:1      | 0 ||| qw: Melee chars always use a shield: true
     0 | D:1      | 0 ||| qw: God list: Okawaru
     0 | D:1      | 0 ||| qw: Allow faded altars: false
     0 | D:1      | 0 ||| qw: Do Orc after clearing Dungeon:15 true
     0 | D:1      | 0 ||| qw: Do second Lair branch before Depths: true
     0 | D:1      | 0 ||| qw: Lair rune preference: random
     0 | D:1      | 0 ||| qw: Goals: Normal
     0 | D:1      | 0 ||| PLANNING D:1-11
    68 | D:1      | Found a faded altar of an unknown god.
   132 | D:1      | Reached skill level 3 in Ranged Weapons
   133 | D:1      | Reached XP level 2. HP: 19/23 MP: 2/2
   162 | D:1      | You fall into a shaft and drop 1 floor!
   470 | D:2      | 470 ||| UPGRADING to amulet of regeneration.
   475 | D:2      | 475 ||| DROPPING ring of magical power.
   476 | D:2      | 476 ||| READING scroll labelled ASAIWK NAIWEN.
   487 | D:2      | 487 ||| DROPPING scroll of poison.
   835 | D:1      | Reached XP level 3. HP: 29/29 MP: 3/3
  1182 | D:2      | Reached skill level 4 in Ranged Weapons
  1211 | D:2      | Identified the +1 sling "Okaskiy" {drain, rF+ Dex+3}
  1213 | D:2      | 1213 ||| SWAPPING to +1 sling "Okaskiy" {drain, rF+ Dex+3}.
  1214 | D:2      | 1214 ||| DROPPING +1 sling.
  1567 | D:2      | 1567 ||| UPGRADING to +0 leather armour.
  1577 | D:2      | 1577 ||| DROPPING +0 robe.
  1578 | D:2      | 1578 ||| READING scroll labelled KACUAN TEOMIJI.
  1579 | D:2      | 1579 ||| DRINKING 2 lumpy inky potions.
  1623 | D:3      | 1623 ||| PLANNING SEWER
  1628 | D:3      | 1628 ||| STAIRDANCE
  1642 | D:2      | Reached XP level 4. HP: 27/36 MP: 4/4
  1652 | D:3      | 1652 ||| STAIRDANCE
  1668 | D:3      | 1668 ||| STAIRDANCE
  1692 | D:3      | Reached skill level 5 in Ranged Weapons
  1743 | D:3      | Found a glowing drain.
  1858 | D:3      | Reached skill level 3 in Fighting
  1999 | D:3      | Reached XP level 5. HP: 38/45 MP: 5/5
  1999 | D:3      | 1999 ||| FLEEEEING.
  2002 | D:3      | 2002 ||| FLEEEEING.
  2003 | D:3      | 2003 ||| FLEEEEING.
  2004 | D:3      | 2004 ||| FLEEEEING.
  2042 | D:3      | Found a radiant altar of Vehumet.
  2164 | D:3      | Found a shimmering altar of Xom.
  2195 | D:3      | 2195 ||| RIP SEWER
  2195 | D:3      | 2195 ||| PLANNING D:1-11
  2195 | D:3      | 2195 ||| UPGRADING to +0 ring mail.
  2205 | D:3      | 2205 ||| DROPPING +0 leather armour.
  2206 | D:3      | 2206 ||| READING 2 scrolls labelled TOXTOI CABU.
  2244 | D:4      | 2244 ||| PLANNING OSSUARY
  2271 | D:4      | Reached skill level 1 in Armour
  2309 | D:4      | Noticed a black bear
  2316 | D:4      | Killed a black bear
  2317 | D:4      | Reached skill level 6 in Ranged Weapons
  2317 | D:4      | Reached XP level 6. HP: 41/51 MP: 6/6
  2417 | D:4      | Found a staircase to the Ecumenical Temple.
  2439 | D:4      | Found a sand-covered staircase.
  2440 | D:4      | 2440 ||| READING scroll labelled TOAFUU TOMIS.
  2448 | D:4      | 2448 ||| DRINKING 2 lumpy grey potions.
  2449 | D:4      | 2449 ||| DROPPING potion of invisibility.
  2462 | Ossuary  | Entered an ossuary
  2664 | Ossuary  | 2664 ||| READING 2 scrolls labelled HEOTUOZEUFO.
  2665 | Ossuary  | 2665 ||| READING 2 scrolls labelled VEWOICVANE.
  2666 | Ossuary  | 2666 ||| READING scroll labelled TUSTREI BAMP.
  2667 | Ossuary  | 2667 ||| READING 3 scrolls labelled GAD WEGHUTT.
  2668 | Ossuary  | 2668 ||| DRINKING 2 smoky grey potions.
  2669 | Ossuary  | 2669 ||| DRINKING 3 white potions.
  2669 | Ossuary  | Gained mutation: Armour fits poorly on your strangely
                  | shaped body. [potion of mutation]
  2669 | Ossuary  | Gained mutation: You are partially covered in iridescent
                  | scales. (AC +2) [potion of mutation]
  2670 | Ossuary  | 2670 ||| DRINKING 2 fizzy brown potions.
  2671 | Ossuary  | 2671 ||| DROPPING potion of attraction.
  2672 | Ossuary  | 2672 ||| DROPPING scroll of fog.
  2673 | Ossuary  | 2673 ||| DROPPING scroll of immolation.
  2674 | Ossuary  | 2674 ||| DROPPING 2 scrolls of amnesia.
  2686 | D:4      | 2686 ||| PLANNING TEMPLE
  2708 | Temple   | Entered the Ecumenical Temple
  2766 | Temple   | 2766 ||| PLANNING D:1-11
  2829 | D:4      | Noticed Ijyb
  2838 | D:4      | Killed Ijyb
  2926 | D:4      | Found an ornate altar of the Wu Jian Council.
  3156 | D:4      | 3156 ||| DROPPING amulet of magic regeneration.
  3157 | D:4      | 3157 ||| READING 2 scrolls of identify.
  3157 | D:4      | 3157 ||| IDENTIFYING glowing blue potion
  3158 | D:4      | 3158 ||| DROPPING potion of ambrosia.
  3196 | D:5      | Entered Level 5 of the Dungeon
  3203 | D:5      | Reached skill level 7 in Ranged Weapons
  3203 | D:5      | Reached XP level 7. HP: 60/60 MP: 7/7
  3232 | D:5      | 3232 ||| DRINKING 2 potions of curing.
  3232 | D:5      | 3232 ||| (to cure confusion)
  3238 | D:5      | 3238 ||| DRINKING potion of curing.
  3238 | D:5      | 3238 ||| (to cure confusion)
  3313 | D:5      | Reached skill level 8 in Ranged Weapons
  3855 | D:5      | Reached skill level 3 in Dodging
  3877 | D:5      | 3877 ||| READING scroll labelled MUETIH ETRAUNK.
  3878 | D:5      | 3878 ||| DRINKING 2 black potions.
  3879 | D:5      | 3879 ||| READING 4 scrolls of identify.
  3879 | D:5      | 3879 ||| IDENTIFYING glowing cyan potion
  3880 | D:5      | 3880 ||| READING 3 scrolls of identify.
  3880 | D:5      | 3880 ||| IDENTIFYING puce potion
  3881 | D:5      | 3881 ||| READING 2 scrolls of identify.
  3881 | D:5      | 3881 ||| IDENTIFYING cyan potion
  3882 | D:5      | 3882 ||| DROPPING potion of magic.
  3883 | D:5      | 3883 ||| DROPPING potion of brilliance.
  3935 | D:6      | 3935 ||| STAIRDANCE
  3948 | D:5      | Reached XP level 8. HP: 46/68 MP: 8/8
  4028 | D:6      | Reached skill level 9 in Ranged Weapons
  4070 | D:6      | 4070 ||| Stepping ~*~*~tactically~*~*~ (outnumbered).
  4073 | D:6      | 4073 ||| Stepping ~*~*~tactically~*~*~ (outnumbered).
  4135 | D:6      | Found a white marble altar of Elyvilon.
  4253 | D:6      | Reached skill level 6 in Fighting
  4384 | D:6      | 4384 ||| Stepping ~*~*~tactically~*~*~ (outnumbered).
  4521 | D:6      | 4521 ||| UPGRADING to +0 pair of boots.
  4526 | D:6      | 4526 ||| READING scroll labelled QIFAUM VIADE.
  4527 | D:6      | 4527 ||| READING scroll labelled MUIZUZ GORU.
  4528 | D:6      | 4528 ||| READING 2 scrolls of identify.
  4528 | D:6      | 4528 ||| IDENTIFYING blue potion
  4538 | D:7      | 4538 ||| Stepping ~*~*~tactically~*~*~ (outnumbered).
  4539 | D:7      | 4539 ||| Stepping ~*~*~tactically~*~*~ (outnumbered).
  4544 | D:7      | 4544 ||| Stepping ~*~*~tactically~*~*~ (outnumbered).
  4558 | D:7      | 4558 ||| Stepping ~*~*~tactically~*~*~ (outnumbered).
  4572 | D:7      | Reached skill level 10 in Ranged Weapons
  4666 | D:7      | 4666 ||| Stepping ~*~*~tactically~*~*~ (outnumbered).
  4719 | D:7      | 4719 ||| Stepping ~*~*~tactically~*~*~ (outnumbered).
  4720 | D:7      | 4720 ||| Stepping ~*~*~tactically~*~*~ (outnumbered).
  4722 | D:7      | 4722 ||| Stepping ~*~*~tactically~*~*~ (outnumbered).
  4834 | D:7      | 4834 ||| FLEEEEING.
  4836 | D:7      | 4836 ||| FLEEEEING.
  4840 | D:7      | 4840 ||| FLEEEEING.
  4842 | D:7      | 4842 ||| FLEEEEING.
  4843 | D:7      | 4843 ||| FLEEEEING.
  4844 | D:7      | 4844 ||| FLEEEEING.
  4845 | D:7      | 4845 ||| FLEEEEING.
  4846 | D:7      | 4846 ||| FLEEEEING.
  4896 | D:7      | 4896 ||| DROPPING +3 sling.
  4922 | D:7      | Noticed a green ugly thing
  4924 | D:7      | Reached XP level 9. HP: 73/79 MP: 9/9
  4935 | D:7      | Killed a green ugly thing
  4936 | D:7      | Reached skill level 11 in Ranged Weapons
  4960 | D:7      | 4960 ||| FLEEEEING.
  4996 | D:7      | HP: 16/79 [something (12)]
  4998 | D:7      | HP: 4/79 [something (6)]
  4999 | D:7      | Slain by a vampire

Levels and vault maps discovered:
D:1:      amcnicky_arrival_choice, layout_basic,
          chequers_ecumenical_altar_simple
D:2:      layout_basic
D:3:      minmay_chambers_of_threes, layout_rooms, xom_butterflies,
          overflow_temple_1_default, gup_sewer_entry_glass
D:4:      layout_loops_ring, nicolae_wu_jian_wuxing_cycle,
          minmay_temple_entry_statues_pillars, enter_ossuary_1, uniq_ijyb
D:5:      layout_basic
D:6:      layout_rooms, mainiacjoe_overflow_catwalk
D:7:      kennysheep_big_flooded_room, layout_basic, tgw_kikubaaqudgha,
          gammafunk_temple_overflow_elements, serial_shops,
          nicolae_take_the_stairs
Temple:   nicolae_temple_god_jail

Skill      XL: |  1  2  3  4  5  6  7  8  9 |
---------------+----------------------------+-----
Ranged Weapons | 3 4 5 6 7 8 10 11 | 11.2
Fighting       | 2 3 4 5 7 |  7.0
Armour         | 1 2 |  2.3
Dodging        | 3 4 |  4.6
Spellcasting   | |  1.0
Hexes          | |  2.0

Action                     |  1- 3 |  4- 6 |  7- 9 || total
---------------------------+-------+-------+-------++-------
   Fire: Sling             |   103 |   215 |   326 ||   644
    Use: Scroll            |     2 |     7 |     7 ||    16
         Potion            |     1 |     4 |     3 ||     8
 Armour: Robe              |     2 |       |       ||     2
         Leather armour    |     9 |    18 |       ||    27
         Ring mail         |       |    45 |    62 ||   107
  Dodge: Dodged            |    29 |   119 |   137 ||   285

Table legend:
 A = Non-vault XP
 B = Vault XP
 C = Vault XP percentage of total XP
 D = Non-vault monster count
 E = Vault monster count
 F = Vault count percentage of total count
                 A         B        C        D         E       F
            +---------+---------+-------+---------+---------+-------
      Total |    2659 |     843 |  24.1 |     154 |      30 |  16.3
            +---------+---------+-------+---------+---------+-------
        D:1 |      20 |       0 |   0.0 |      12 |       0 |   0.0
        D:2 |      92 |       0 |   0.0 |      23 |       0 |   0.0
        D:3 |      91 |      45 |  33.1 |      23 |      12 |  34.3
        D:4 |     206 |      36 |  14.9 |      16 |       1 |   5.9
        D:5 |     729 |       0 |   0.0 |      18 |       0 |   0.0
        D:6 |     556 |       0 |   0.0 |      24 |       0 |   0.0
        D:7 |     965 |     549 |  36.3 |      38 |       1 |   2.6
    Ossuary |       0 |     213 | 100.0 |       0 |      16 | 100.0
            +---------+---------+-------+---------+---------+-------
